[Event "Titled Tuesday Blitz December 20 Early 2022"]
[White "Wild, Achim"]
[Black "guillembaches"]
[WhiteFideId "4658728"]
[WhiteElo "2265"]
[BlackElo "2464"]
[Result "1/2-1/2"]
[Round "08"]
[TimeControl "180+2"]
[Date "2022.12.20"]
[WhiteClock "0:00:39"]
[BlackClock "0:00:15"]

1. a3 e5 2. e3 d5 3. d4 exd4 4. exd4 Nf6 5. Nf3 Bd6 6. h3 O-O 7. Bd3 Re8+ 8. Be3 Bf4 9. Qd2 Qe7 10. O-O Bxe3 11. fxe3 c5 12. Ne5 Nc6 13. Bb5 Bd7 14. Nxd7 Nxd7 15. Bxc6 bxc6 16. Rf3 cxd4 17. Qxd4 Ne5 18. Rf2 c5 19. Qf4 Ng6 20. Qf3 Qxe3 21. Qxe3 Rxe3 22. Nc3 Rd8 23. Rd1 d4 24. Na4 Re5 25. b3 f6 26. Nb2 Red5 27. b4 Ne5 28. bxc5 Rxc5 29. Nd3 Nxd3 30. Rxd3 Rdc8 31. Rxd4 Rxc2 32. Rxc2 Rxc2 33. Rd8+ Kf7 34. Rd7+ Kg6 35. Rxa7 h5 36. Kh2 Ra2 37. Ra5 h4 38. Kg1 Kf7 39. Ra4 g5 40. Kh2 Kg6 41. Kg1 f5 42. Ra6+ Kh5 43. Ra5 Kg6 44. Ra6+ Kh5 45. Kh2 g4 46. hxg4+ fxg4 47. Ra5+ Kg6 48. Ra4 Kg5 49. Ra5+ Kg6 50. Ra6+ Kg5 51. Ra5+ Kg6 1/2-1/2


[Site "https://www.chess.com"]

[Event "Titled Tuesday Blitz December 20 Early 2022"]
[White "Willychess95"]
[Black "Alexander_Donchenko"]
[WhiteElo "2661"]
[BlackElo "2812"]
[Result "1/2-1/2"]
[Round "08"]
[TimeControl "180+2"]
[Date "2022.12.20"]
[WhiteClock "0:00:13"]
[BlackClock "0:00:51"]

1. e4 c6 2. d4 d5 3. exd5 cxd5 4. Bd3 Nf6 5. c3 Bg4 6. Nf3 e6 7. Bf4 Nc6 8. Nbd2 Bd6 9. Bxd6 Qxd6 10. O-O O-O 11. Re1 Rab8 12. Qe2 b5 13. Bxb5 a6 14. Bxc6 Bxf3 15. Qxa6 Bh5 16. b4 Ng4 17. Nf3 Bg6 18. h3 Nf6 19. Ne5 Rfc8 20. b5 Qc7 21. Qa3 Bf5 22. Qb4 g5 23. f3 h5 24. a4 g4 25. hxg4 hxg4 26. fxg4 Nxg4 27. Qa3 Nxe5 28. Rxe5 Qd8 29. Qc1 Qh4 30. Qe1 Qh5 31. a5 Kg7 32. a6 Rh8 33. Qg3+ Kf6 34. Kf2 Rbg8 35. Rxf5+ Qxf5+ 36. Qf3 Rxg2+ 37. Kxg2 Rh2+ 38. Kxh2 Qxf3 39. a7 Qf2+ 40. Kh1 Qf3+ 41. Kg1 Qg3+ 42. Kf1 Qf3+ 43. Ke1 Qxc3+ 44. Ke2 Qc2+ 45. Ke1 Qc3+ 46. Ke2 Qb2+ 47. Kd3 Qb3+ 48. Kd2 Qb4+ 49. Kd3 Qc4+ 50. Ke3 Qc3+ 51. Ke2 1/2-1/2


[Site "https://www.chess.com"]

[Event "Titled Tuesday Blitz December 20 Early 2022"]
[White "Witek, Tomasz"]
[Black "pedromartinez91"]
[WhiteFideId "1130056"]
[WhiteElo "2000"]
[BlackElo "2488"]
[Result "1-0"]
[Round "08"]
[TimeControl "180+2"]
[Date "2022.12.20"]
[WhiteClock "0:00:48"]
[BlackClock "0:00:01"]

1. d4 Nf6 2. Nf3 c5 3. e3 d5 4. c4 cxd4 5. exd4 Nc6 6. c5 Bg4 7. Bb5 e6 8. Qa4 Bxf3 9. Bxc6+ bxc6 10. Qxc6+ Nd7 11. gxf3 Be7 12. Nc3 O-O 13. O-O Bg5 14. Be3 Bxe3 15. fxe3 Qg5+ 16. Kh1 Nf6 17. Rae1 Rab8 18. Re2 Rfc8 19. Qd6 Qf5 20. Rg2 Qd3 21. Re1 g6 22. Qe5 Nd7 23. Qd6 Nf6 24. h3 a5 25. Kh2 Nh5 26. Qe5 Ng7 27. e4 Rb4 28. exd5 Rxd4 29. Rd1 Qf5 30. Qxd4 e5 31. Qg4 1-0


[Site "https://www.chess.com"]

[Event "Titled Tuesday Blitz December 20 Early 2022"]
[White "Yildiz, Ayse Emek"]
[Black "Artem_0degov"]
[WhiteFideId "6303528"]
[WhiteElo "1702"]
[BlackElo "2661"]
[Result "1-0"]
[Round "08"]
[TimeControl "180+2"]
[Date "2022.12.20"]
[WhiteClock "0:00:43"]
[BlackClock "0:00:02"]

1. e4 e6 2. d4 d5 3. e5 c5 4. c3 Qb6 5. Nf3 Nc6 6. Be2 Nh6 7. Bxh6 gxh6 8. Qd2 Bd7 9. O-O O-O-O 10. Na3 Rg8 11. Nc2 Kb8 12. dxc5 Bxc5 13. b4 Bf8 14. a4 Qc7 15. Rfe1 Nxe5 16. Nxe5 Qxe5 17. Bf1 Qc7 18. a5 Rc8 19. Ra3 Bg7 20. Nd4 e5 21. Nb3 Be6 22. Nc5 Bf8 23. Rb1 Bxc5 24. bxc5 Qxc5 25. Rab3 Rc7 26. Qxh6 d4 27. cxd4 exd4 28. Qxh7 Rd8 29. Rb5 Qc6 30. Qd3 Ka8 31. g3 Qc3 32. Qe4 Qc6 33. Bg2 d3 34. Rxb7 Qc1+ 35. Rxc1 Rxc1+ 36. Bf1 Bd5 37. Rxa7+ Kxa7 38. Qe3+ Ka8 39. Qxc1 Bb7 40. Qd2 Ba6 41. h4 f5 42. h5 f4 43. gxf4 Rd5 44. Bg2 Ka7 45. Bxd5 Bc8 46. Qxd3 Bd7 47. Qd4+ Ka6 48. Qb6# 1-0


[Site "https://www.chess.com"]

[Event "Titled Tuesday Blitz December 20 Early 2022"]
[White "Yurasova_Daria"]
[Black "Malich, Burkhard, Dr."]
[BlackFideId "4611330"]
[WhiteElo "2502"]
[BlackElo "2323"]
[Result "1/2-1/2"]
[Round "08"]
[TimeControl "180+2"]
[Date "2022.12.20"]
[WhiteClock "0:00:49"]
[BlackClock "0:00:18"]

1. d4 Nf6 2. Bg5 d5 3. Bxf6 gxf6 4. e3 c5 5. dxc5 e6 6. g3 Bxc5 7. Bg2 Nc6 8. Ne2 Qb6 9. O-O Qxb2 10. Nbc3 Qb4 11. Rb1 Qc4 12. Nb5 Ke7 13. Nc7 Rb8 14. Bxd5 exd5 15. Nxd5+ Kf8 16. Nxf6 Qxa2 17. Nd7+ Bxd7 18. Qxd7 Ne5 19. Qc7 Nf3+ 20. Kh1 Qd5 21. Nf4 Qd6 22. Rxb7 Qxc7 23. Rxc7 Bd6 24. Rxa7 Bxf4 25. exf4 Rc8 26. Kg2 Nd4 27. Rd1 Nc6 28. Rb7 Rd8 29. Re1 Kg7 30. Rc7 Rc8 31. Rb7 Rhe8 32. Rxe8 Rxe8 33. Rc7 Re6 34. c4 h5 35. c5 Kf6 36. h3 Ne7 37. g4 hxg4 38. hxg4 Re4 39. Kg3 Rc4 40. f3 Nd5 41. Rc6+ Ke7 42. f5 f6 43. Re6+ Kf7 44. c6 Ne7 45. f4 Rxc6 46. Rxc6 Nxc6 47. g5 Nd4 48. Kg4 Kg7 49. gxf6+ Kxf6 50. Kg3 Nxf5+ 51. Kf2 Ke6 52. Ke2 Kd5 53. Kf2 Ke4 54. Ke2 Nd4+ 55. Kf2 Kf5 56. Kg3 Ne6 57. Kf3 Nxf4 1/2-1/2


[Site "https://www.chess.com"]

[Event "Titled Tuesday Blitz December 20 Early 2022"]
[White "Zahid, Sanatan"]
[Black "Timofeeva, Galina"]
[WhiteFideId "10201963"]
[BlackFideId "14106175"]
[WhiteElo "1930"]
[BlackElo "1955"]
[Result "0-1"]
[Round "08"]
[TimeControl "180+2"]
[Date "2022.12.20"]
[WhiteClock "0:00:10"]
[BlackClock "0:00:09"]

1. d4 d5 2. Nc3 Nf6 3. Bf4 e6 4. Nb5 Na6 5. e3 Be7 6. Nf3 O-O 7. Be2 c6 8. Nc3 b6 9. Ne5 Nb8 10. g4 Nfd7 11. h4 Nxe5 12. dxe5 c5 13. g5 Bb7 14. Rg1 d4 15. Nb5 Nc6 16. Bd3 g6 17. c3 a6 18. Nd6 Bxd6 19. exd6 e5 20. Bg3 Qxd6 21. h5 Rad8 22. hxg6 hxg6 23. Qg4 dxc3 24. O-O-O c4 25. Qxc4 cxb2+ 26. Kb1 Qb4 27. Qxb4 Nxb4 28. Be2 Rfe8 29. Kxb2 Be4 30. Bc4 Bd5 31. Be2 Bxa2 32. Ka3 a5 33. Rxd8 Rxd8 34. Bxe5 Bd5 35. Rg3 Kf8 36. Bf6 Rc8 37. Rh3 Ke8 38. e4 Bxe4 39. Bb5+ Bc6 40. Bc4 Kd7 41. Bxf7 Be4 42. Rh7 Kd6 43. Bb3 Nc2+ 44. Kb2 Nb4 45. Be7+ Ke5 46. Bf6+ Kf4 47. Rf7 Bf5 48. Bd4 Nd3+ 49. Ka3 Ke4 50. Bxb6 Rc3 51. Re7+ Kf4 52. Bxa5 Rc8 53. Bd2+ Kf3 54. Bd5+ Kxf2 55. Be3+ Kg3 56. Kb3 Kg4 57. Rf7 Rd8 58. Bb7 Ne5 59. Re7 Rd3+ 60. Kc2 Rxe3+ 61. Kd1 Kf4 62. Ba8 Nc4 63. Rc7 Bd3 64. Bd5 Ne5 65. Rc5 Bf5 66. Ba2 Rd3+ 67. Ke2 Ra3 68. Bd5 Ng4 69. Kd2 Kxg5 70. Be6 Nf6 71. Ke2 Ne4 72. Re5 Kf4 73. Bxf5 Kxe5 74. Bxg6 Kd4 75. Bh7 Ra2+ 76. Kf1 Ke3 77. Kg1 Re2 78. Bg8 Nd2 79. Bd5 Nf3+ 80. Bxf3 Kxf3 81. Kh1 Kg3 82. Kg1 Re1# 0-1


[Site "https://www.chess.com"]

[Event "Titled Tuesday Blitz December 20 Early 2022"]
[White "Zampronha, Wladimir Camilo"]
[Black "Rosenberg, Sergei G"]
[WhiteFideId "2103087"]
[BlackFideId "4102444"]
[WhiteElo "2176"]
[BlackElo "2418"]
[Result "0-1"]
[Round "08"]
[TimeControl "180+2"]
[Date "2022.12.20"]
[WhiteClock "0:00:05"]
[BlackClock "0:00:08"]

1. e4 e5 2. Nf3 Nc6 3. d4 exd4 4. Nxd4 Nf6 5. Nxc6 bxc6 6. e5 Qe7 7. Qe2 Nd5 8. c4 Nb6 9. Nc3 Qe6 10. Qe4 d5 11. exd6 Qxe4+ 12. Nxe4 cxd6 13. Be2 d5 14. cxd5 Bb4+ 15. Bd2 Bxd2+ 16. Nxd2 Nxd5 17. O-O-O O-O 18. Nf3 Nf4 19. Bf1 Bg4 20. Rd4 Bxf3 21. Rxf4 Bd5 22. Bc4 Bxg2 23. Rg1 Bd5 24. Bxd5 cxd5 25. Rg5 Rac8+ 26. Kd2 Rc4 27. Rxc4 dxc4 28. Ra5 Rb8 29. Kc3 Rb7 30. Kxc4 Rxb2 31. Rxa7 g5 32. a4 Rxf2 33. a5 Rxh2 34. Re7 Ra2 35. Kb5 g4 36. Re4 h5 37. Re5 Kg7 38. Rxh5 Kg6 39. Rh8 Kg5 40. a6 g3 41. Kb6 f5 42. a7 f4 43. a8=Q Rxa8 44. Rxa8 f3 45. Kc5 f2 46. Rf8 g2 47. Rg8+ Kf4 48. Rxg2 f1=Q 49. Rc2 Qd3 50. Rc4+ Ke5 51. Kb4 Kd5 52. Rc3 Qd4+ 53. Kb3 Qd1+ 54. Kb4 Qb1+ 55. Rb3 Qc2 56. Rc3 Qa2 57. Rd3+ Kc6 58. Rc3+ Kb6 59. Rb3 Kc6 60. Rc3+ Kd5 61. Rd3+ Ke4 62. Rc3 Qb2+ 63. Kc4 Qb6 64. Rc2 Qc6+ 65. Kb3 Qb5+ 66. Kc3 Ke3 67. Rb2 Qc5+ 68. Kb3 Kd3 69. Rb1 Qb5+ 70. Ka2 Qa4+ 71. Kb2 Kd2 72. Rh1 Qb4+ 73. Ka1 Qc3+ 74. Kb1 Qd3+ 75. Ka2 Qd5+ 76. Ka1 Qxh1+ 0-1


[Site "https://www.chess.com"]

[Event "Titled Tuesday Blitz December 20 Early 2022"]
[White "alexrustemov"]
[Black "Salles, Louis"]
[BlackFideId "20641826"]
[WhiteElo "2891"]
[BlackElo "2287"]
[Result "1-0"]
[Round "08"]
[TimeControl "180+2"]
[Date "2022.12.20"]
[WhiteClock "0:01:03"]
[BlackClock "0:00:54"]

1. d4 Nf6 2. c4 g6 3. Nf3 Bg7 4. g3 d6 5. Bg2 O-O 6. Nc3 c6 7. O-O a6 8. e4 Nfd7 9. a4 e5 10. Be3 a5 11. d5 cxd5 12. Nxd5 Na6 13. Qc2 Ndc5 14. Rfd1 Be6 15. b3 Bxd5 16. cxd5 Rc8 17. Qb1 h6 18. Nd2 f5 19. f3 f4 20. Bf2 g5 21. Bh3 Rc7 22. Bf5 Nb4 23. Nc4 Rcf7 24. g4 b6 25. Kg2 h5 26. h3 h4 27. Be6 Kh7 28. Bxf7 Rxf7 29. Be1 Bf8 30. Bxb4 axb4 31. a5 bxa5 32. Nxa5 Qb6 33. Nc6 Qb5 34. Qc2 Bg7 35. Ra5 Qb6 36. Rda1 Rc7 37. Ra7 Rxa7 38. Rxa7 Kg6 39. Qc4 Bf6 40. Qxb4 Qxb4 41. Nxb4 Nxb3 42. Ra6 Be7 43. Nc6 Bf8 44. Ra8 Kf7 45. Ra7+ Kg6 46. Nd8 Nc5 47. Ne6 Nxe6 48. dxe6 Bg7 49. Rf7 Bf6 50. Kf2 Bd8 51. Ke2 Bb6 52. Kd3 Bc5 53. Kc4 1-0


[Site "https://www.chess.com"]

[Event "Titled Tuesday Blitz December 20 Early 2022"]
[White "annacramling"]
[Black "NovikovaGalina"]
[WhiteElo "2219"]
[BlackElo "2400"]
[Result "1/2-1/2"]
[Round "08"]
[TimeControl "180+2"]
[Date "2022.12.20"]
[WhiteClock "0:00:06"]
[BlackClock "0:00:10"]

1. d4 e6 2. c4 d5 3. cxd5 exd5 4. Nc3 c6 5. Nf3 Nf6 6. Bg5 Bf5 7. e3 Be7 8. Bd3 Bxd3 9. Qxd3 O-O 10. Ne5 Nbd7 11. f4 Ne4 12. Bxe7 Qxe7 13. O-O Nxc3 14. bxc3 Nf6 15. c4 dxc4 16. Qxc4 Nd5 17. Rae1 Nb6 18. Qb3 Rad8 19. f5 Qf6 20. Ng4 Qg5 21. h3 Nd5 22. f6 g6 23. e4 h5 24. exd5 hxg4 25. Qg3 Rxd5 26. Re5 Rxe5 27. dxe5 Re8 28. e6 Rxe6 29. Qb8+ Kh7 30. Qf8 Rxf6 31. Rxf6 Qxf6 32. hxg4 Qd4+ 33. Kh2 Qe5+ 34. Kg1 Qg7 35. Qe7 Qa1+ 36. Kh2 Qf1 37. Qxb7 Qf4+ 38. Kg1 Kg7 39. Qxc6 Qxg4 40. Qc3+ Kg8 41. Qc7 Qd1+ 42. Kh2 Qh5+ 43. Kg3 Qg5+ 44. Kf2 Qf6+ 45. Ke3 Qb6+ 46. Qxb6 axb6 47. Kd4 f5 48. Kd5 Kg7 49. Kc6 g5 50. Kxb6 g4 51. a4 f4 52. a5 f3 53. gxf3 gxf3 54. a6 f2 55. a7 f1=Q 56. a8=Q Qf2+ 57. Kc7 Qf7+ 58. Kb8 Qe8+ 59. Ka7 Qe3+ 60. Kb8 Qe8+ 61. Ka7 Qd7+ 62. Qb7 Qxb7+ 63. Kxb7 1/2-1/2


[Site "https://www.chess.com"]

[Event "Titled Tuesday Blitz December 20 Early 2022"]
[White "bardiya_Daneshvar"]
[Black "Andrei_Skvortsov"]
[WhiteElo "2903"]
[BlackElo "2717"]
[Result "1-0"]
[Round "08"]
[TimeControl "180+2"]
[Date "2022.12.20"]
[WhiteClock "0:00:06"]
[BlackClock "0:00:03"]

1. b3 e5 2. Bb2 Nc6 3. e3 Nge7 4. g3 d5 5. Bg2 Be6 6. Nf3 Ng6 7. h4 e4 8. Ng5 Bf5 9. Qh5 Qd7 10. Qe2 h6 11. Nh3 Bg4 12. Qf1 Nb4 13. Na3 O-O-O 14. f3 exf3 15. Bxf3 Bf5 16. h5 Ne7 17. Nf4 Bxc2 18. Rc1 Qf5 19. Nxc2 Nxc2+ 20. Kd1 Nb4 21. a3 Nbc6 22. b4 Ne5 23. Be2 Nc4 24. Bxc4 dxc4 25. Qxc4 Qg4+ 26. Ne2 Qxc4 27. Rxc4 Nf5 28. Kc2 f6 29. Rf1 Nd6 30. Rg4 Rd7 31. Nd4 Nf7 32. Nf5 Ng5 33. Rc4 Kb8 34. g4 Bd6 35. b5 Rhd8 36. a4 Bf8 37. Bc3 b6 38. Nd4 Kb7 39. Nc6 Ra8 40. Rf5 a6 41. Kb3 Ne6 42. d4 Ng5 43. d5 axb5 44. axb5 Rf7 45. e4 Bc5 46. e5 fxe5 47. Bxe5 Rxf5 48. gxf5 Nf3 49. Bxg7 Nd2+ 50. Kc3 Nxc4 51. Kxc4 Rg8 52. f6 Bf8 53. Nd8+ Kc8 54. Ne6 Bxg7 55. fxg7 Kd7 56. Kd4 Kd6 57. Ke4 c6 58. bxc6 b5 59. c7 b4 60. c8=Q Rxc8 61. Nf8 Rc4+ 62. Kf5 b3 63. g8=Q Rc5 64. Qe6+ Kc7 65. Qd7+ Kb6 66. Ne6 Rc7 67. Qxc7+ 1-0


[Site "https://www.chess.com"]

[Event "Titled Tuesday Blitz December 20 Early 2022"]
[White "bazar-wokzal"]
[Black "PavelChernomordik"]
[WhiteElo "2582"]
[BlackElo "2434"]
[Result "1-0"]
[Round "08"]
[TimeControl "180+2"]
[Date "2022.12.20"]
[WhiteClock "0:00:02"]
[BlackClock "0:00:02"]

1. e4 g6 2. Nc3 Bg7 3. h4 h5 4. Nf3 d6 5. Ng5 Nf6 6. Bc4 e6 7. d4 O-O 8. f3 d5 9. Bb3 dxe4 10. Ncxe4 Nc6 11. c3 e5 12. d5 Ne7 13. d6 Nf5 14. dxc7 Qxc7 15. g4 hxg4 16. Nxf6+ Bxf6 17. fxg4 Nh6 18. Qf3 Bg7 19. Rg1 Kh8 20. Be3 f5 21. O-O-O fxg4 22. Qd5 Bf5 23. Ne6 Bxe6 24. Qxe6 Rf6 25. Qd7 Rc8 26. Qxc7 Rxc7 27. Rd8+ Kh7 28. Bxa7 e4 29. Bd4 Rf8 30. Rxf8 Bxf8 31. Bc2 Nf5 32. Be5 Bh6+ 33. Kb1 Re7 34. Bf6 Re6 35. Bg5 Bxg5 36. hxg5 g3 37. Re1 e3 38. Bd3 Kg7 39. Kc2 Re5 40. Rg1 Kf7 41. Bxf5 gxf5 42. Kd1 f4 43. Ke2 Rxg5 44. Kf3 Rf5 45. Rh1 Ke6 46. Rd1 Rd5 47. Rh1 Rd2 48. Kxf4 g2 49. Rg1 Re2 50. Kf3 Rxb2 51. Kxe3 Kd5 52. Kf3 Kc4 53. Rc1 Rxa2 54. Kg3 b5 55. Kh2 Re2 56. Rb1 1-0


[Site "https://www.chess.com"]

[Event "Titled Tuesday Blitz December 20 Early 2022"]
[White "deibittowers"]
[Black "Michels, Achim"]
[BlackFideId "4677889"]
[WhiteElo "2072"]
[BlackElo "2163"]
[Result "0-1"]
[Round "08"]
[TimeControl "180+2"]
[Date "2022.12.20"]
[WhiteClock "0:00:07"]
[BlackClock "0:00:13"]

1. e4 c5 2. Nf3 d6 3. d4 cxd4 4. Nxd4 Nf6 5. Nc3 a6 6. f4 Qc7 7. Nf3 Nbd7 8. Bd3 e6 9. O-O b5 10. a3 Bb7 11. Qe1 Be7 12. e5 dxe5 13. fxe5 Ng4 14. Qg3 Bxf3 15. gxf3 Ngxe5 16. Be4 O-O-O 17. Bf4 g5 18. Be3 f5 19. Bd3 f4 20. Qh3 g4 21. Qh6 fxe3 22. f4 Ng6 23. Ne4 Nc5 24. a4 Nxe4 25. Bxe4 e2 0-1


[Site "https://www.chess.com"]

[Event "Titled Tuesday Blitz December 20 Early 2022"]
[White "dirk_da_player"]
[Black "D`Arruda, Ricardo D."]
[BlackFideId "100692"]
[WhiteElo "2339"]
[BlackElo "2271"]
[Result "1/2-1/2"]
[Round "08"]
[TimeControl "180+2"]
[Date "2022.12.20"]
[WhiteClock "0:00:03"]
[BlackClock "0:00:04"]

1. e4 c5 2. c3 e6 3. d4 d5 4. e5 Nc6 5. Nf3 cxd4 6. cxd4 Nge7 7. Nc3 Nf5 8. Be3 Be7 9. Bd3 O-O 10. O-O Nxe3 11. fxe3 f5 12. exf6 Bxf6 13. Qc2 h6 14. Qe2 Bd7 15. Rad1 Qe7 16. Bb1 Rad8 17. Qd3 g5 18. e4 dxe4 19. Nxe4 Bh8 20. Nc5 Bc8 21. Qe4 Rf4 22. Qg6+ Qg7 23. Qxg7+ Bxg7 24. Nb3 Nxd4 25. Nfxd4 Bxd4+ 26. Nxd4 Rdxd4 27. Rxd4 Rxd4 28. Bc2 Rd2 29. Rf2 Rxf2 30. Kxf2 e5 31. Ke3 Kf7 32. Ke4 Ke6 33. Bb3+ Kd6 34. g3 Bh3 35. a3 a5 36. Bc4 b6 37. Bb3 Be6 38. Bc2 Bg8 39. Ba4 Bh7+ 40. Ke3 Kd5 41. Bb3+ Kc5 42. Be6 b5 43. h4 b4 44. axb4+ axb4 45. hxg5 hxg5 46. Bf7 Bf5 47. Bg8 Kd6 48. Bb3 Be6 49. Bc2 Bd5 50. Bd1 Ke6 51. Bc2 Kf6 52. Bd3 Be6 53. Be4 Bf5 54. Bf3 Ke7 55. Bd5 Kd6 56. Bb3 Kc5 57. Bf7 Bc2 58. Be6 Bg6 59. Bg8 Kd6 60. Bb3 Bf5 61. Bc4 Ke7 62. Bb3 Kf6 63. Bc4 Kg6 64. Be2 Bc2 65. Bf3 Kf5 66. Be2 Bb1 67. Bf3 Bc2 68. Be2 Bb1 69. Bf3 Bc2 1/2-1/2


[Site "https://www.chess.com"]

[Event "Titled Tuesday Blitz December 20 Early 2022"]
[White "dropstoneDP"]
[Black "exoticprincess"]
[WhiteElo "3038"]
[BlackElo "3057"]
[Result "0-1"]
[Round "08"]
[TimeControl "180+2"]
[Date "2022.12.20"]
[WhiteClock "0:00:01"]
[BlackClock "0:00:08"]

1. e4 e5 2. Nf3 Nf6 3. Nc3 Nc6 4. d4 exd4 5. Nxd4 Bb4 6. Nxc6 bxc6 7. Bd3 d5 8. exd5 cxd5 9. O-O O-O 10. Bg5 c6 11. Qf3 Be7 12. h3 h6 13. Bf4 Be6 14. Rad1 Re8 15. Ne2 Qb6 16. b3 c5 17. c3 a5 18. Be3 a4 19. b4 Nd7 20. Qg3 Bd6 21. Bf4 Bxf4 22. Qxf4 a3 23. Rfe1 Nf6 24. Rb1 Rec8 25. Rec1 Qc7 26. Qxc7 Rxc7 27. bxc5 Rxc5 28. Nd4 Bd7 29. f3 Ne8 30. Rb7 Ba4 31. Nf5 Kf8 32. Kf2 h5 33. Ke3 g6 34. Kd4 Rc7 35. Nd6 Ke7 36. Rxc7+ Nxc7 37. Nb7 Ne6+ 38. Ke5 f6+ 39. Kxd5 Nf4+ 0-1


[Site "https://www.chess.com"]

[Event "Titled Tuesday Blitz December 20 Early 2022"]
[White "fks_stal_mielec"]
[Black "bennyficial"]
[WhiteElo "2284"]
[BlackElo "2145"]
[Result "1-0"]
[Round "08"]
[TimeControl "180+2"]
[Date "2022.12.20"]
[WhiteClock "0:00:21"]
[BlackClock "0:00:03"]

1. d4 Nf6 2. c4 e6 3. Nc3 Bb4 4. Qc2 O-O 5. e4 d5 6. e5 Ne4 7. Bd3 c5 8. a3 cxd4 9. Bxe4 dxe4 10. axb4 dxc3 11. bxc3 Bd7 12. Ne2 Qc7 13. Qxe4 Bc6 14. Qg4 Qxe5 15. Be3 Nd7 16. Bd4 Nf6 17. Qxg7+ Kxg7 18. Bxe5 Kg6 19. Nd4 Nd7 20. Nxc6 bxc6 21. Bd6 Rfe8 22. O-O e5 23. Rfe1 f5 24. Ra6 Re6 25. c5 e4 26. Rxc6 Ne5 27. Rc7 Nd3 28. Rd1 f4 29. Re7 Re8 30. Rxa7 e3 31. fxe3 fxe3 32. Rxd3 e2 33. Bg3 e1=Q+ 34. Bxe1 Rxe1+ 35. Kf2 R1e2+ 36. Kg3 Rc2 37. Rd6+ Kf5 38. Rf7+ Ke5 39. Rf3 Rg8+ 40. Kh3 Rcxg2 41. Rg3 R8xg3+ 42. hxg3 Rc2 43. Rh6 Rxc3 44. Rxh7 Kf5 45. Rd7 Rc4 46. Rb7 Ke5 47. g4 Kd5 48. g5 1-0


[Site "https://www.chess.com"]

[Event "Titled Tuesday Blitz December 20 Early 2022"]
[White "frequentblunders"]
[Black "Pachonpower"]
[WhiteElo "2156"]
[BlackElo "2254"]
[Result "1-0"]
[Round "08"]
[TimeControl "180+2"]
[Date "2022.12.20"]
[WhiteClock "0:01:37"]
[BlackClock "0:01:40"]

1. e3 e5 2. c4 b6 3. Nc3 Bb7 4. d4 Nf6 5. Nf3 exd4 6. exd4 d5 7. cxd5 Nxd5 8. Bc4 Be7 9. O-O O-O 10. Re1 Bf6 11. Be3 Re8 12. a3 Nxe3 13. fxe3 Nd7 14. Qd3 c5 15. d5 Ne5 16. Nxe5 Rxe5 17. e4 a6 18. a4 Qd7 19. Rad1 Rae8 20. Bxa6 Bxa6 21. Qxa6 Rg5 22. Qxb6 Bd4+ 23. Kh1 Rxg2 24. Qc6 Qxc6 25. dxc6 Rxb2 26. Nd5 Kf8 27. c7 Rc8 28. Rb1 Rxb1 29. Rxb1 Ke8 30. Rb8 Kd7 31. Nb6+ Ke8 32. Rxc8+ 1-0


[Site "https://www.chess.com"]

[Event "Titled Tuesday Blitz December 20 Early 2022"]
[White "jaldjald"]
[Black "Sadykov_Ramil"]
[WhiteElo "2386"]
[BlackElo "2546"]
[Result "0-1"]
[Round "08"]
[TimeControl "180+2"]
[Date "2022.12.20"]
[WhiteClock "0:02:09"]
[BlackClock "0:02:14"]

1. e4 c5 2. Nf3 Nc6 3. Bb5 g6 4. Bxc6 dxc6 5. d3 Bg7 6. Nbd2 Nh6 7. a4 a5 8. Nc4 b5 9. Ncd2 f6 10. O-O Nf7 11. Nb3 c4 12. dxc4 Qxd1 13. Rxd1 bxc4 14. Nc5 e5 15. Nd2 Bf8 0-1


[Site "https://www.chess.com"]

[Event "Titled Tuesday Blitz December 20 Early 2022"]
[White "kritipatel"]
[Black "CraiggoryC"]
[WhiteElo "2085"]
[BlackElo "2227"]
[Result "0-1"]
[Round "08"]
[TimeControl "180+2"]
[Date "2022.12.20"]
[WhiteClock "0:01:03"]
[BlackClock "0:00:21"]

1. e4 e6 2. d4 d5 3. Nc3 Bb4 4. exd5 exd5 5. Bd3 Nf6 6. a3 Be7 7. Nge2 O-O 8. O-O c6 9. Bf4 Re8 10. f3 Nbd7 11. Bg3 Nf8 12. Nf4 Ng6 13. Nxg6 hxg6 14. Ne2 Nh5 15. c3 Bg5 16. f4 Nxg3 17. Nxg3 Bh4 18. f5 Bxg3 19. fxg6 Bxh2+ 20. Kxh2 fxg6 21. Bxg6 Qd6+ 22. Kg1 Qxg6 23. Qf3 Bg4 24. Qf4 Rf8 25. Qc7 Bh3 26. Qh2 Bf5 27. Rae1 Be4 28. Rf2 Rxf2 29. Kxf2 Rf8+ 30. Kg1 Qg5 31. Qh3 Rf6 32. Qc8+ Kh7 33. Rxe4 dxe4 34. Qxb7 Qe3+ 35. Kh2 Rh6# 0-1


[Site "https://www.chess.com"]

[Event "Titled Tuesday Blitz December 20 Early 2022"]
[White "lamomiajunior"]
[Black "aidenzhouu"]
[WhiteElo "2526"]
[BlackElo "2386"]
[Result "1/2-1/2"]
[Round "08"]
[TimeControl "180+2"]
[Date "2022.12.20"]
[WhiteClock "0:01:31"]
[BlackClock "0:00:24"]

1. d4 Nf6 2. Nc3 e6 3. Bf4 d5 4. Nb5 Bd6 5. Nxd6+ cxd6 6. Nf3 Nc6 7. e3 O-O 8. Be2 Ne4 9. O-O f5 10. c4 dxc4 11. Bxc4 d5 12. Bd3 g5 13. Bxe4 gxf4 14. Bd3 fxe3 15. fxe3 Bd7 16. a3 Kh8 17. b4 a6 18. Qd2 Rg8 19. a4 Be8 20. b5 Ne7 21. Rac1 axb5 22. axb5 Bh5 23. Ne5 Rg7 24. Rc2 Ng6 25. Nxg6+ Rxg6 26. Rfc1 Bf3 27. Qb4 Qg8 28. Bf1 Be4 29. Rd2 Qg7 30. Qd6 Rg8 31. g3 Qh6 32. Qf4 Qxf4 33. exf4 h5 34. Kf2 h4 35. Rc3 hxg3+ 36. hxg3 Rh6 37. Bg2 Rh2 38. Kg1 Rxg2+ 39. Rxg2 Bxg2 40. Kxg2 Kg7 41. Rc7+ Kf6 42. Rxb7 Ra8 43. Rc7 Ra4 44. b6 Rxd4 45. b7 Rb4 46. Rd7 Rb5 47. Kf3 Rb3+ 48. Kf2 d4 49. Ke2 Re3+ 50. Kd2 Rb3 51. Rc7 e5 52. Rc6+ Ke7 53. fxe5 Rxb7 54. Rg6 Kf7 55. Rf6+ Ke7 56. Rxf5 Ke6 57. Rg5 Rb3 58. g4 Rg3 59. Ke2 Re3+ 60. Kf2 Rxe5 61. Rg6+ Kd5 62. Rg8 Ke4 63. Ke2 Rb5 64. Re8+ Kf4 65. Rg8 Rb3 66. g5 Rg3 67. g6 Kf5 68. Rf8+ Ke6 69. Rg8 Rg5 70. Kd3 Kf6 71. Re8 Kxg6 72. Ke4 Rg4+ 73. Kd3 Kf5 74. Rf8+ Ke5 75. Re8+ Kd5 76. Rd8+ Ke5 77. Re8+ Kd5 78. Rd8+ Ke5 79. Re8+ 1/2-1/2


[Site "https://www.chess.com"]

[Event "Titled Tuesday Blitz December 20 Early 2022"]
[White "newyorkmouse"]
[Black "Leon-Black"]
[WhiteElo "2457"]
[BlackElo "2634"]
[Result "0-1"]
[Round "08"]
[TimeControl "180+2"]
[Date "2022.12.20"]
[WhiteClock "0:00:25"]
[BlackClock "0:01:09"]

1. d4 Nf6 2. c4 c5 3. d5 b5 4. cxb5 a6 5. b6 d6 6. Nc3 Nbd7 7. e4 Rb8 8. Nf3 g6 9. Be2 Bg7 10. a4 Nxb6 11. a5 Na8 12. O-O O-O 13. Nd2 Nc7 14. Nc4 Nd7 15. Qc2 Nb5 16. Na4 Nd4 17. Qd1 Ne5 18. Nxe5 Bxe5 19. Nb6 Rxb6 20. axb6 Qxb6 21. Be3 Qxb2 22. Bxd4 Bxd4 23. Ra4 f5 24. e5 dxe5 25. Bxa6 Bxa6 26. Rxa6 Qb7 27. Re6 Rd8 28. Qa4 Kf7 29. Ra6 Qxd5 30. Ra7 c4 31. Rb1 Bxa7 32. h3 Bd4 33. Rb5 Qe6 34. h4 c3 35. h5 Rc8 36. hxg6+ hxg6 37. Rb1 c2 38. Rc1 Qc4 0-1


[Site "https://www.chess.com"]

[Event "Titled Tuesday Blitz December 20 Early 2022"]
[White "profofchess"]
[Black "Cag, Ceyda"]
[BlackFideId "34571477"]
[WhiteElo "2442"]
[BlackElo "2157"]
[Result "1-0"]
[Round "08"]
[TimeControl "180+2"]
[Date "2022.12.20"]
[WhiteClock "0:00:10"]
[BlackClock "0:00:09"]

1. e4 c5 2. Nf3 d6 3. d4 cxd4 4. Nxd4 Nf6 5. Nc3 a6 6. Be2 e5 7. Nb3 Be7 8. Be3 Be6 9. Nd5 Nxd5 10. exd5 Bd7 11. c4 O-O 12. O-O f5 13. f4 Bf6 14. c5 Ba4 15. Bc4 Nd7 16. c6 Nb6 17. cxb7 Rb8 18. Bxa6 g5 19. fxe5 Bxe5 20. Qh5 f4 21. Bd4 Bxb3 22. Bxe5 dxe5 23. axb3 Nxd5 24. Bc4 Rxb7 25. Rfd1 Rd7 26. Qf3 e4 27. Qxe4 Re8 28. Bxd5+ Kg7 29. Qd4+ Qf6 30. Qxf6+ Kxf6 31. Bc4 Red8 32. Rxd7 Rxd7 33. Re1 Rd2 34. Re2 Rd1+ 35. Kf2 h5 36. h3 g4 37. hxg4 hxg4 38. Re4 Kf5 39. Re2 Kg5 40. Rc2 Kh4 41. b4 Rd4 42. b5 Rd7 43. b6 Rb7 44. b4 Rxb6 45. b5 Kg5 46. Rd2 Kf5 47. Rd7 Ke4 48. Rg7 g3+ 49. Ke2 Kd4 50. Bd3 Re6+ 51. Kd2 Rd6 52. Rf7 Ke5 53. Re7+ Kd4 54. Re4+ Kc5 55. Rxf4 Rg6 56. Rf3 Rg5 57. Rf5+ Rxf5 58. Bxf5 Kxb5 59. Ke3 Kc5 60. Kf3 Kd6 61. Kxg3 Ke5 62. Kg4 Kf6 63. Kf4 Kg7 64. g4 Kh6 65. g5+ Kg7 66. Ke5 Kf7 67. g6+ Kg7 68. Be4 Kf8 69. Kf6 Kg8 70. Bd5+ Kh8 71. g7+ Kh7 72. g8=Q+ Kh6 73. Qg6# 1-0


[Site "https://www.chess.com"]